 Dungeon Crawl Stone Soup version 0.18-a0-1105-ge9caa06 (webtiles) character file.

10319 Arkorax the Slinger (level 11, -11/82 HPs)
             Began as a Halfling Hunter on Jan 16, 2016.
             Was a Priest of Okawaru.
             Shot with an arrow by a centaur (14 damage)
             ... on level 11 of the Dungeon.
             The game lasted 00:16:06 (10187 turns).

Arkorax the Slinger (Halfling Hunter)              Turns: 10187, Time: 00:16:06

Health: -11/82     AC: 13    Str: 13    XL:     11   Next: 90%
Magic:  11/11      EV: 15    Int: 10    God:    Okawaru [***...]
Gold:   288        SH:  0    Dex: 18    Spells: 0 memorised, 10 levels left

rFire  + . .     SeeInvis +     a - +4 hunting sling (elec)
rCold  . . .     Gourm    .     S - +4 scale mail of the Storm King {rElec rF+}
rNeg   . . .     Faith    .     (shield restricted)
rPois  .         Spirit   .     P - +0 helmet
rElec  +         Dismiss  .     L - +0 cloak
rCorr  .         Reflect  .     (no gloves)
SustAt .         Harm     .     (no boots)
MR     .....                    i - amulet of rage
Stlth  ++++......               v - ring of see invisible
                                q - ring of stealth

@: not resistant to hostile enchantments, stealthy
A: mutation resistance 1
a: Heroism, Renounce Religion, Evoke Berserk Rage


You were on level 11 of the Dungeon.
You worshipped Okawaru.
Okawaru was most pleased with you.
You were not hungry.

You visited 2 branches of the dungeon, and saw 12 of its levels.

You collected 456 gold pieces.
You spent 168 gold pieces at shops.

Inventory:

Hand Weapons
 a - a +4 hunting sling of electrocution (weapon)
 l - a +2 dagger of holy wrath
 F - a +2 dagger of draining
 H - a +0 antimagic dagger
 I - a +3 quarterstaff of chaos
Missiles
 d - 66 sling bullets
 r - 55 stones (quivered)
 B - a throwing net
Armour
 L - a +0 cloak (worn)
 P - a +0 helmet (worn)
 S - the +4 scale mail of the Storm King (worn) {rElec rF+}
   (You found it on level 8 of the Dungeon)

   It protects you from fire.
   It insulates you from electricity.
Jewellery
 i - an amulet of rage (around neck)
 q - a ring of stealth (left hand)
 t - an uncursed ring of stealth
 v - a ring of see invisible (right hand)
 y - a +2 ring of strength {unknown}
 E - an uncursed ring of protection from cold {unknown}
Wands
 A - a wand of cold (12/15)
 C - a wand of slowing (27/48)
 O - a wand of disintegration (8/24)
Scrolls
 b - 2 scrolls of amnesia
 c - 2 scrolls of recharging
 h - 6 scrolls of identify
 j - 3 scrolls of remove curse
 p - a scroll of teleportation
 s - a scroll of fear
 U - a scroll of brand weapon
Potions
 e - a potion of flight
 m - a potion of heal wounds
 n - 2 potions of cancellation {unknown}
 o - a potion of lignification
 u - 3 potions of poison {unknown}
 x - a potion of agility {unknown}
 z - a potion of cure mutation
 G - a potion of curing {unknown}
 J - 2 potions of magic {unknown}
 K - 2 potions of brilliance {unknown}
 M - a potion of invisibility {unknown}
 N - a potion of mutation {unknown}
 Q - a potion of ambrosia {unknown}
Books
 g - a Grand Grimoire

   Spells                             Type                      Level
   a - Monstrous Menagerie            Summoning                    7
   b - Summon Greater Demon           Summoning                    7
   c - Malign Gateway                 Summoning/Translocation      7
   d - Summon Horrible Things         Summoning                    8
Comestibles
 f - 4 bread rations
 k - a meat ration
 w - 2 royal jellies
 R - a beef jerky


   Skills:
 + Level 10.5 Fighting
 - Level 14.5 Slings
 + Level 5.3 Armour
 + Level 5.6 Dodging
 - Level 8.5 Stealth


You had 10 spell levels left.
You didn't know any spells.

Dungeon Overview and Level Annotations

Branches:
Dungeon (11/15)            Temple (1/1) D:7             Orc (0/2) D:9
   Lair: D:8-11

Altars:
Ashenzari
Cheibriados
Dithmenos
Elyvilon
Fedhas
Gozag
Kikubaaqudgha
Makhleb
Nemelex Xobeh
Okawaru
Pakellas
Qazlal
Ru
Sif Muna
Trog
Vehumet
Xom
Yredelemnul
Zin
The Shining One

Shops:
D:9 [*(?


Innate Abilities, Weirdness & Mutations

You are small and have problems with some larger weapons.
You are somewhat resistant to further mutation.


Message History

You kill the centaur!
Okawaru accepts your kill.
The centaur wields a runed shortbow.
It is covered in frost.
The centaur shoots an arrow.
The arrow hits you! The arrow freezes you.
* * * LOW HITPOINT WARNING * * *
The centaur shoots an arrow of flame.
The arrow of flame misses you.
A centaur comes into view.
Unknown command.
Read which item? (? for menu, Esc to quit)
As you read the scroll of fog, it crumbles to dust.
The scroll dissolves into smoke.
The centaur shoots an arrow.
The arrow hits you.
* * * LOW HITPOINT WARNING * * *
The centaur shoots an arrow of flame.
The arrow of flame closely misses you.
The centaur shoots an arrow.
The arrow hits you!
* * * LOW HITPOINT WARNING * * *
The arrow freezes you!
* * * LOW HITPOINT WARNING * * *
The centaur shoots an arrow.
The arrow hits you!
You die... ..... .c.( ..... ..ccc

..... ..(..
.....
.#########.c..
.....
............#
.....
............#
.....
......§§§...#
.....
......§@§...#
#......
.......§.§...#
#......
.............#
#......
.............#
#......
.............#
#......
.............#
#......
.............#
#......
........)....#
#......
.......†.....#
#......


You could see 5 centaurs.

Vanquished Creatures
  Erolcha (D:10)
  The ghost of Reinor the Martial Artist, a novice DsMo of Yredelemnul (D:9)
  A hill giant (D:10)
  Pikel (D:5)
  The ghost of runewalsh the Chiller, a novice OpIE of Sif Muna (D:8)
  A cyclops (D:11)
  A troll (D:10)
  A spriggan (D:7)
  2 hippogriffs (D:8)
  A mottled dragon (D:11)
  3 wargs (D:9)
  A water moccasin (D:10)
  Duvessa (D:5)
  3 sky beasts
  4 orc warriors
  3 black bears
  4 slaves (D:5)
  An ice beast (D:9)
  5 phantoms
  2 necrophages (D:10)
  3 ogres
  6 centaurs
  Blork the orc (D:4)
  A big kobold (D:11)
  8 giant frogs
  A wyvern skeleton (D:7)
  7 scorpions
  Dowan (D:5)
  18 killer bees
  6 crimson imps
  A wasp zombie (D:10)
  2 giant frog zombies
  A quasit (D:10)
  4 jellies
  Crazy Yiuf (D:7)
  9 orc wizards
  A centaur skeleton (D:7)
  6 orc priests
  6 hounds
  2 giant frog skeletons
  A gnoll shaman (D:4)
  Terence (D:3)
  3 worker ants
  2 iguanas
  A hound zombie (D:7)
  2 hound skeletons
  4 worker ant zombies
  6 gnolls (D:4)
  10 adders
  3 shadow imps
  An adder skeleton (D:4)
  An adder zombie (D:10)
  5 worms
  7 giant geckos
  36 orcs
  A ball python (D:3)
  3 giant cockroaches
  10 hobgoblins
  5 quokkas
  9 bats
  8 giant newts
  12 goblins
  A jackal skeleton (D:5)
  11 kobolds
  A quokka skeleton (D:4)
  8 rats
275 creatures vanquished.

Notes
Turn   | Place    | Note
--------------------------------------------------------------
     0 | D:1      | Arkorax the Halfling Hunter began the quest for the Orb.
     0 | D:1      | Reached XP level 1. HP: 14/14 MP: 1/1
    99 | D:1      | Reached skill level 6 in Slings
   124 | D:1      | Reached XP level 2. HP: 17/19 MP: 2/2
   379 | D:1      | Reached XP level 3. HP: 24/24 MP: 3/3
   719 | D:2      | Found a bloodstained altar of Trog.
   871 | D:2      | Reached XP level 4. HP: 30/30 MP: 4/4
   930 | D:2      | Reached skill level 7 in Slings
  1520 | D:3      | Noticed Terence
  1542 | D:3      | Killed Terence
  1542 | D:3      | Reached XP level 5. HP: 25/36 MP: 5/5
  2064 | D:4      | Noticed a phantom
  2082 | D:4      | Killed a phantom
  2082 | D:4      | Reached skill level 8 in Slings
  2082 | D:4      | Reached XP level 6. HP: 34/43 MP: 6/6
  2407 | D:4      | Reached XP level 7. HP: 42/48 MP: 7/7
  2428 | D:4      | Noticed Blork the orc
  2440 | D:4      | Killed Blork the orc
  2650 | D:4      | Found an ancient bone altar of Kikubaaqudgha.
  2822 | D:4      | Found a burning altar of Makhleb.
  2839 | D:4      | Reached skill level 9 in Slings
  2964 | D:5      | Entered Level 5 of the Dungeon
  3146 | D:5      | Noticed Pikel
  3200 | D:5      | Killed Pikel
  3200 | D:5      | Reached skill level 5 in Fighting
  3200 | D:5      | Reached skill level 10 in Slings
  3200 | D:5      | Reached XP level 8. HP: 31/56 MP: 8/8
  3253 | D:5      | Reached skill level 5 in Stealth
  3300 | D:5      | Noticed Dowan
  3303 | D:5      | Noticed Duvessa
  3315 | D:5      | Killed Dowan
  3336 | D:5      | Killed Duvessa
  3847 | D:5      | Reached XP level 9. HP: 61/63 MP: 9/9
  3926 | D:5      | Reached skill level 11 in Slings
  4193 | D:5      | Found Nuiset's Needful Niceties.
  4307 | D:5      | Found a deep blue altar of Sif Muna.
  5042 | D:7      | Found a staircase to the Ecumenical Temple.
  5058 | Temple   | Entered the Ecumenical Temple
  5261 | D:7      | Reached skill level 12 in Slings
  5463 | D:7      | Reached XP level 10. HP: 68/72 MP: 10/10
  5652 | D:7      | Noticed Crazy Yiuf
  5661 | D:7      | Killed Crazy Yiuf
  5969 | D:8      | Reached skill level 13 in Slings
  6053 | D:8      | Found a shattered altar of Ashenzari.
  6142 | D:8      | Noticed runewalsh's ghost (novice OpIE)
  6160 | D:8      | Killed runewalsh's ghost
  6864 | D:8      | Found a shimmering altar of Xom.
  6877 | D:8      | Found an opulent altar of Gozag.
  6969 | D:8      | Got a scorched scale mail
  6980 | D:8      | Identified the +4 scale mail of the Storm King {rElec rF+} (You found it on level 8 of the Dungeon)
  7321 | D:8      | Reached skill level 14 in Slings
  7638 | D:9      | Noticed Reinor's ghost (novice DsMo)
  7887 | D:9      | Killed Reinor's ghost
  7887 | D:9      | Reached XP level 11. HP: 23/80 MP: 11/11
  8323 | D:9      | Found Vuryut's Assorted Antiques.
  8329 | D:9      | Bought a scroll of fog for 56 gold pieces
  8329 | D:9      | Bought a scroll labeled TUSHUTZANIR for 28 gold pieces
  8329 | D:9      | Bought a scroll labeled GOYMAC VALOBB for 28 gold pieces
  8329 | D:9      | Bought a scroll labeled TAWEOG QIECLOX for 28 gold pieces
  8329 | D:9      | Bought a scroll labeled GOYMAC VALOBB for 28 gold pieces
  8358 | D:9      | Found Omontush's Antique Armour Boutique.
  8484 | D:9      | Reached skill level 1 in Armour
  8511 | D:9      | Found a snail-covered altar of Cheibriados.
  8657 | D:9      | Found a staircase to the Orcish Mines.
  8760 | D:9      | Found Yhogo's Magic Scroll Emporium.
  8918 | D:9      | Found an iron altar of Okawaru.
  8964 | D:9      | Found Nias's Antique Weapon Shoppe.
  9001 | D:9      | Became a worshipper of Warmaster Okawaru
  9143 | D:10     | Entered Level 10 of the Dungeon
  9143 | D:10     | Noticed Erolcha
  9149 | D:10     | Killed Erolcha
  9158 | D:10     | Reached skill level 10 in Fighting
  9189 | D:10     | Reached * piety under Okawaru
  9463 | D:10     | Noticed a hill giant
  9474 | D:10     | Killed a hill giant
  9474 | D:10     | Reached ** piety under Okawaru
  9783 | D:10     | Reached skill level 5 in Dodging
 10106 | D:11     | Noticed a cyclops
 10125 | D:11     | Reached skill level 5 in Armour
 10136 | D:11     | Killed a cyclops
 10186 | D:11     | Reached *** piety under Okawaru
 10187 | D:11     | HP: 3/82 [centaur/arrow (7)]
 10187 | D:11     | Shot with an arrow by a centaur

Vault maps used:
D:1:      minmay_arrival_hallway
D:2:      serial_park_tiny_pond, bloody_trog
D:3:      uniq_terence
D:4:      makhleb_blood_cavern_becter, lemuel_coloured_pillars_altar,
          uniq_blork_the_orc
D:5:      corexii_shack_village, lemuel_round_altar, first_bread,
          minmay_misc_feat_iff, nicolae_alphabet_shops, uniq_pikel, uniq_duvessa
D:7:      minmay_temple_entry_statues_fountains, the_bakery,
          uniq_crazy_yiuf_cottage
D:8:      kennysheep_little_box, grunt_temple_overflow_open
D:9:      kennysheep_mini_moat, slow_altar_2, minmay_orc_entry_guard_dogs,
          serial_shops, kennysheep_mini, nicolae_shop_trees,
          nicolae_shop_crystal, nicolae_shop_window_shopping,
          serial_co_window_serial, co_window_corner_a, co_window_corner_a,
          co_window_corner_a, co_window_of_opportunity_a, co_window_paths_a,
          co_window_corner_a, co_window_corner_a, co_window_corner_ca,
          co_window_cross_3, co_window_broadway_a, co_window_2corner
D:10:     minmay_statues_item, uniq_erolcha
D:11:     erik_lair_dragon
Temple:   triangle_lava_temple_11

Action                   |  1- 3 |  4- 6 |  7- 9 | 10-12 || total
-------------------------+-------+-------+-------+-------++-------
Melee: Dagger            |       |       |    64 |       ||    64
 Fire: Hunting sling     |    88 |   177 |   437 |   633 ||  1335
 Abil: Evoke Berserk Rag |       |       |     1 |       ||     1
Evoke: Wand              |       |       |       |     2 ||     2
  Use: Scroll            |       |     5 |    11 |     6 ||    22
       Potion            |       |       |     1 |       ||     1
 Stab: Sleeping          |       |       |     4 |       ||     4
  Eat: Bread ration      |       |     1 |     1 |     3 ||     5
       Chunk             |       |       |     1 |       ||     1
       Meat ration       |       |       |     1 |       ||     1
